Map: Misty Swamp

Players

mickdragonfr

  • Race: Protoss Protoss
  • Spawn Location: 3:00

DDub

  • Race: Protoss Protoss
  • Spawn Location: 12:00

Zero

  • Race: Protoss Protoss
  • Spawn Location: 3:00

Infamous

  • Race: Protoss Protoss
  • League: Silver
  • Spawn Location: 9:00

Farmencio

  • Race: Terran Terran
  • Spawn Location: 9:00

sJkSjKAQP

  • Race: Zerg Zerg
  • Spawn Location: 12:00

VOD

Have the link to the VOD?

Description

Time

  • Played on: March 30, 2018, 5:17 p.m.
  • Length: 19:11
Show
View Real Time Build Order
Export as new Build Order

mickdragonfr Protoss 

Build Orders:  

Get SALT Encoding   

  12  0:02  Probe  
  13  0:14  Probe  
  14  0:27  Probe  
  15  0:34  Pylon  
  15  0:45  Assimilator  
  15  0:55  Forge  
  15  1:10  Pylon  
  15  1:14  Probe (Chrono Boost)  
  16  1:24  Probe (Chrono Boost)  
  17  1:51  Photon Cannon  
  17  1:52  Photon Cannon  
  17  2:01  Photon Cannon  
  17  2:17  Gateway  
  17  2:39  Pylon  
  17  2:55  Assimilator  
  17  3:04  Photon Cannon  
  17  3:19  Probe (Chrono Boost)  
  18  3:21  Cybernetics Core  
  18  3:29  Probe (Chrono Boost)  
  19  3:34  Probe (Chrono Boost)  
  20  3:41  Protoss Shields Level 1 (Chrono Boost)  
  20  3:45  Probe  
  21  3:57  Probe  
  21  4:02  Stargate  
  22  4:13  Stargate  
  22  4:29  Photon Cannon  
  22  4:34  Shield Battery  
  22  4:47  Void Ray  
  26  5:19  Nexus  
  26  5:27  Void Ray  
  30  5:36  Stalker  
  32  5:59  Pylon  
  32  6:06  Stalker  
  34  6:20  Void Ray  
  38  6:28  Pylon  
  38  6:31  Pylon  
  38  6:36  Robotics Facility, Protoss Air Weapons Level 1  
  38  7:02  Probe (Chrono Boost)  
  39  7:11  Probe (Chrono Boost)  
  40  7:16  Probe (Chrono Boost)  
  40  7:20  Fleet Beacon  
  41  7:28  Probe  
  42  7:31  Nexus  
  42  7:37  Assimilator  
  42  7:40  Probe (Chrono Boost), Assimilator  
  43  7:45  Photon Cannon  
  43  7:52  Probe (Chrono Boost)  
  44  7:59  Probe (Chrono Boost)  
  44  8:00  Observer  
  46  8:06  Tempest  
  52  8:19  Assimilator  
  52  8:25  Probe  
  53  8:37  Probe  
  53  8:38  Observer  
  55  8:45  Protoss Air Weapons Level 2  
  55  8:50  Probe (Chrono Boost)  
  55  8:54  Probe (Chrono Boost)  
  57  9:00  Probe (Chrono Boost)  
  59  9:04  Probe (Chrono Boost)  
  59  9:05  Probe (Chrono Boost)  
  59  9:07  Observer  
  61  9:14  Probe  
  61  9:16  Probe  
  63  9:29  Probe  
  64  9:40  Assimilator  
  64  9:41  Probe  
  65  9:48  Observer  
  66  9:53  Probe  
  67  10:04  Tempest  
  67  10:05  Probe  
  67  10:06  Tempest  
  80  10:16  Stalker  
  80  10:17  Probe (Chrono Boost)  
  84  10:29  Probe (Chrono Boost)  
  84  10:34  Probe (Chrono Boost)  
  85  10:38  Pylon  
  85  10:41  Pylon  
  76  10:46  Stalker  
  76  10:48  Pylon  
  75  10:59  Tempest x2  
  75  11:01  Protoss Air Armor Level 1 (Chrono Boost)  
  87  11:10  Observer  
  88  11:46  Photon Cannon  
  88  11:49  Photon Cannon  
  88  11:54  Photon Cannon  
  87  11:55  Photon Cannon  
  87  12:05  Void Ray x2  
  87  12:28  Photon Cannon  
  87  12:29  Photon Cannon  
  87  12:49  Void Ray (Chrono Boost), Protoss Air Weapons Level 3 (Chrono Boost)  
  91  13:07  Void Ray (Chrono Boost)  
  95  13:26  Void Ray (Chrono Boost)  
  99  13:59  Pylon  
  99  14:01  Pylon  
  99  14:02  Void Ray  
  102  14:04  Pylon  
  102  14:06  Pylon  
  102  14:44  Void Ray  
  106  14:51  Observer  
  107  15:12  Protoss Air Armor Level 2  
  107  16:08  Tempest x2 (Chrono Boost)  
Show
View Real Time Build Order
Export as new Build Order

DDub Protoss 

Build Orders:  

Get SALT Encoding   

  12  0:01  Probe (Chrono Boost)  
  13  0:13  Probe (Chrono Boost)  
  14  0:19  Pylon  
  14  0:22  Probe  
  15  0:37  Probe  
  16  0:45  Gateway  
  16  0:49  Probe  
  17  1:00  Forge  
  17  1:01  Probe (Chrono Boost)  
  18  1:13  Probe (Chrono Boost)  
  18  1:14  Assimilator  
  18  1:18  Pylon  
  19  1:19  Probe (Chrono Boost)  
  20  1:26  Assimilator  
  20  1:27  Probe  
  21  1:39  Probe  
  22  1:51  Probe  
  23  1:56  Zealot  
  23  1:59  Photon Cannon  
  25  2:03  Probe, Photon Cannon  
  26  2:10  Photon Cannon  
  26  2:16  Probe  
  27  2:25  Zealot  
  27  2:28  Probe  
  30  2:40  Probe  
  31  2:49  Gateway  
  31  2:55  Cybernetics Core  
  31  3:02  Pylon  
  31  3:06  Pylon  
  31  3:13  Pylon  
  31  3:20  Probe  
  32  3:32  Probe  
  33  3:35  Twilight Council  
  33  3:44  Probe  
  33  3:47  Gateway  
  34  3:50  Pylon  
  34  3:54  Photon Cannon  
  34  3:56  Probe (Chrono Boost)  
  34  4:00  Photon Cannon  
  35  4:08  Probe (Chrono Boost)  
  36  4:15  Dark Shrine, Probe (Chrono Boost)  
  37  4:23  Probe, Gateway  
  38  4:46  Probe  
  38  4:50  Nexus  
  39  4:53  Pylon  
  39  4:59  Pylon  
  39  5:00  Probe  
  40  5:07  Assimilator  
  40  5:08  Assimilator  
  40  5:29  Photon Cannon  
  40  5:33  Photon Cannon  
  40  5:37  Photon Cannon  
  40  6:11  Probe (Chrono Boost)  
  43  6:18  Dark Templar  
  43  6:19  Dark Templar  
  43  6:20  Dark Templar  
  43  6:22  Probe (Chrono Boost)  
  48  6:27  Probe (Chrono Boost)  
  48  6:32  Zealot  
  51  6:36  Probe (Chrono Boost)  
  53  6:41  Charge  
  53  6:42  Probe (Chrono Boost)  
  53  6:43  Protoss Ground Weapons Level 1  
  53  6:51  Probe (Chrono Boost)  
  54  6:57  Stalker  
  54  6:58  Dark Templar  
  54  6:59  Stalker, Zealot  
  62  7:11  Probe  
  63  7:23  Probe (Chrono Boost)  
  63  7:25  Robotics Facility  
  63  7:26  Dark Templar  
  63  7:27  Dark Templar  
  63  7:29  Stalker  
  70  7:35  Probe (Chrono Boost)  
  71  7:37  Zealot  
  71  7:42  Nexus  
  71  7:43  Probe (Chrono Boost)  
  74  7:46  Pylon  
  74  7:50  Probe  
  75  7:52  Pylon  
  75  7:58  Assimilator  
  75  7:59  Stalker  
  75  8:02  Probe, Assimilator  
  75  8:04  Probe, Zealot  
  81  8:06  Zealot  
  81  8:10  Zealot  
  85  8:13  Observer  
  85  8:14  Probe  
  85  8:16  Probe  
  88  8:30  Zealot  
  88  8:31  Pylon, Stalker  
  88  8:33  Dark Templar  
  94  8:34  Observer  
  94  8:40  Pylon  
  94  8:41  Dark Templar  
  97  8:53  Probe (Chrono Boost)  
  97  8:54  Probe (Chrono Boost)  
  99  8:56  Observer  
  99  8:57  Dark Templar  
  103  9:04  Probe (Chrono Boost)  
  103  9:06  Probe (Chrono Boost)  
  104  9:13  Photon Cannon  
  104  9:14  Probe x2 (Chrono Boost)  
  106  9:17  Observer  
  106  9:18  Photon Cannon  
  106  9:21  Probe  
  108  9:33  Probe, Stalker  
  108  9:34  Dark Templar, Zealot  
  108  9:36  Zealot  
  117  9:40  Observer  
  118  10:00  Stalker  
  118  10:01  Observer  
  118  10:03  Stalker x2  
  125  10:07  Pylon  
  125  10:08  Probe  
  125  10:10  Probe  
  127  10:22  Observer  
  128  10:52  Dark Templar, Stalker, Zealot x2  
  104  11:19  Stalker  
  104  11:20  Dark Templar  
  104  11:22  Zealot  
  101  11:31  Stalker  
  80  11:49  Dark Templar, Zealot  
  80  11:59  Stalker  
  73  12:02  Dark Templar  
  52  12:16  Zealot  
  50  12:28  Stalker  
  50  12:29  Dark Templar  
  44  12:41  Zealot  
  44  12:43  Stalker  
  42  12:58  Dark Templar  
  38  13:08  Stalker, Zealot  
  38  13:13  Zealot  
  40  13:35  Zealot  
  40  13:37  Stalker  
  40  13:38  Dark Templar  
  40  13:40  Stalker  
  48  14:02  Stalker  
  49  14:08  Dark Templar  
  50  14:10  Zealot  
  48  14:17  Zealot  
  50  14:25  Probe  
  51  14:32  Stalker  
  51  14:38  Zealot  
  47  15:02  Probe  
  48  15:14  Probe  
  49  16:15  Probe  
  50  16:28  Probe  
  47  16:43  Nexus  
  27  17:19  Zealot x2  
  25  17:36  Probe (Chrono Boost)  
  26  17:46  Probe (Chrono Boost)  
  26  17:51  Probe (Chrono Boost)  
  28  18:04  Probe (Chrono Boost)  
  29  18:09  Probe (Chrono Boost)  
  30  18:19  Probe (Chrono Boost)  
  31  18:27  Probe  
  32  18:39  Probe  
  33  18:49  Nexus  
  33  18:58  Pylon  
  33  19:05  Pylon  
Show
View Real Time Build Order
Export as new Build Order

Zero Protoss 

Build Orders:  

Get SALT Encoding   

  12  0:01  Probe (Chrono Boost)  
  13  0:10  Probe (Chrono Boost)  
  14  0:15  Probe (Chrono Boost)  
  15  0:25  Pylon  
  15  0:43  Probe  
  15  0:46  Forge  
  15  0:49  Pylon  
  16  0:59  Gateway  
  16  1:07  Assimilator  
  16  1:10  Probe (Chrono Boost)  
  17  1:21  Probe (Chrono Boost), Photon Cannon  
  18  1:52  Photon Cannon  
  18  2:03  Cybernetics Core  
  18  2:04  Assimilator  
  18  2:06  Probe (Chrono Boost)  
  19  2:09  Pylon  
  20  2:15  Probe (Chrono Boost)  
  20  2:20  Probe (Chrono Boost)  
  21  2:28  Photon Cannon  
  21  2:31  Photon Cannon  
  21  2:33  Photon Cannon  
  21  2:42  Probe  
  22  2:46  Warp Gate  
  22  2:55  Probe  
  23  3:14  Stargate  
  23  3:20  Gateway  
  23  3:24  Probe (Chrono Boost)  
  24  3:33  Probe (Chrono Boost)  
  25  3:38  Probe (Chrono Boost)  
  26  3:53  Nexus  
  26  3:55  Assimilator  
  26  4:01  Void Ray (Chrono Boost)  
  30  4:37  Void Ray  
  34  4:40  Protoss Air Weapons Level 1  
  34  4:50  Stargate  
  34  4:51  Assimilator  
  34  4:59  Pylon  
  34  5:00  Pylon  
  34  5:06  Probe (Chrono Boost)  
  35  5:16  Probe (Chrono Boost)  
  35  5:21  Probe (Chrono Boost)  
  37  5:33  Probe (Chrono Boost)  
  39  5:38  Probe (Chrono Boost)  
  40  5:43  Probe (Chrono Boost)  
  40  5:48  Probe (Chrono Boost)  
  41  5:56  Assimilator  
  41  5:57  Assimilator, Nexus  
  41  6:06  Probe (Chrono Boost)  
  42  6:15  Probe (Chrono Boost)  
  43  6:20  Probe (Chrono Boost)  
  43  6:23  Void Ray  
  43  6:24  Void Ray  
  52  6:50  Protoss Shields Level 1 (Chrono Boost)  
  52  7:02  Pylon  
  52  7:06  Pylon, Void Ray  
  52  7:07  Void Ray  
  60  7:10  Pylon  
  60  7:15  Probe (Chrono Boost)  
  61  7:20  Pylon  
  61  7:22  Pylon  
  61  7:24  Probe (Chrono Boost)  
  61  7:27  Pylon  
  62  7:32  Probe (Chrono Boost)  
  62  7:34  Probe (Chrono Boost)  
  64  7:44  Probe (Chrono Boost)  
  66  7:45  Probe (Chrono Boost)  
  66  7:49  Probe (Chrono Boost)  
  67  7:53  Probe  
  68  7:59  Void Ray  
  68  8:00  Void Ray  
  77  8:05  Probe  
  77  8:13  Photon Cannon  
  77  8:18  Probe (Chrono Boost)  
  77  8:19  Pylon  
  78  8:25  Pylon  
  78  8:28  Probe (Chrono Boost)  
  78  8:29  Pylon  
  80  8:35  Probe (Chrono Boost), Photon Cannon  
  80  8:37  Shield Battery  
  80  8:38  Probe (Chrono Boost)  
  82  8:43  Probe (Chrono Boost)  
  82  8:45  Photon Cannon  
  82  8:48  Probe (Chrono Boost)  
  83  8:49  Probe (Chrono Boost)  
  83  8:51  Photon Cannon  
  83  8:52  Shield Battery  
  84  8:56  Probe, Photon Cannon  
  84  8:59  Photon Cannon  
  85  9:03  Probe  
  86  9:22  Nexus  
  86  9:23  Void Ray  
  86  9:24  Void Ray  
  94  9:37  Pylon  
  94  9:42  Pylon  
  94  9:45  Pylon  
  94  9:46  Pylon  
  94  9:51  Pylon  
  94  9:54  Stargate  
  94  9:57  Stargate  
  94  10:00  Fleet Beacon  
  94  10:15  Assimilator  
  94  10:19  Assimilator  
  94  10:35  Carrier x2  
  94  10:36  Carrier x2  
  94  10:37  Mothership (Chrono Boost)  
  94  10:39  Twilight Council  
  94  10:41  Graviton Catapult (Chrono Boost)  
  126  10:52  Protoss Shields Level 2  
  126  10:53  Protoss Air Weapons Level 2 (Chrono Boost)  
  126  12:01  Carrier x4  
  150  12:16  Blink  
  150  12:50  Protoss Air Weapons Level 3 (Chrono Boost)  
  150  12:57  Protoss Shields Level 3 (Chrono Boost)  
  150  13:18  Probe (Chrono Boost)  
  151  13:24  Carrier (Chrono Boost)  
  151  13:25  Carrier x2 (Chrono Boost)  
  151  13:26  Carrier (Chrono Boost)  
  152  13:27  Probe (Chrono Boost)  
  152  13:32  Probe (Chrono Boost)  
  195  14:46  Pylon  
  195  14:49  Carrier (Chrono Boost)  
  195  14:50  Pylon, Carrier x2 (Chrono Boost)  
  195  14:58  Carrier (Chrono Boost)  
  188  15:17  Protoss Air Armor Level 1  
  163  15:27  Protoss Ground Weapons Level 1  
  149  16:08  Carrier x3  
  149  16:10  Stalker x2  
  171  16:16  Carrier  
  177  16:55  Assimilator  
  177  16:56  Nexus  
  177  16:59  Assimilator  
  169  17:10  Stalker  
  169  17:11  Stalker  
  198  17:55  Probe (Chrono Boost)  
  199  18:03  Probe (Chrono Boost)  
Show
View Real Time Build Order
Export as new Build Order

Infamous Protoss 

Build Orders:  

Get SALT Encoding   

  12  0:01  Probe  
  14  0:14  Probe  
  14  0:18  Pylon  
  14  0:27  Probe  
  15  0:38  Gateway  
  15  0:42  Probe (Chrono Boost)  
  16  0:53  Probe (Chrono Boost)  
  17  0:58  Probe (Chrono Boost)  
  17  0:59  Assimilator  
  18  1:08  Probe (Chrono Boost)  
  20  1:20  Probe (Chrono Boost)  
  20  1:25  Cybernetics Core  
  20  1:29  Probe  
  20  1:31  Pylon  
  21  1:33  Assimilator  
  21  1:52  Probe  
  21  1:53  Zealot  
  24  2:07  Probe (Chrono Boost), Warp Gate (Chrono Boost)  
  25  2:15  Pylon  
  25  2:27  Probe  
  26  2:37  Gateway  
  26  2:38  Gateway  
  26  2:39  Probe  
  26  2:40  Gateway  
  27  2:44  Adept  
  29  3:01  Probe  
  30  3:14  Robotics Facility  
  30  3:17  Pylon, Probe  
  31  3:31  Probe  
  32  3:43  Probe  
  33  3:48  Nexus  
  33  3:56  Probe  
  34  4:08  Probe  
  35  4:15  Pylon  
  35  4:16  Stalker  
  37  4:18  Pylon  
  37  4:19  Sentry x2  
  37  4:20  Pylon, Sentry  
  43  4:30  Probe  
  48  4:40  Observer (Chrono Boost)  
  48  4:42  Probe  
  46  4:54  Probe  
  46  4:59  Pylon  
  47  5:02  Forge, Zealot x4  
  55  5:10  Probe (Chrono Boost)  
  57  5:14  Probe (Chrono Boost)  
  57  5:20  Probe (Chrono Boost)  
  58  5:24  Probe (Chrono Boost)  
  58  5:27  Twilight Council  
  58  5:28  Probe  
  59  5:30  Shield Battery  
  60  5:40  Photon Cannon  
  60  5:43  Immortal  
  60  5:48  Probe (Chrono Boost)  
  66  5:54  Probe (Chrono Boost)  
  66  5:55  Stalker x2  
  70  5:58  Sentry  
  72  6:09  Photon Cannon  
  72  6:12  Photon Cannon  
  72  6:16  Pylon  
  72  6:17  Probe x2  
  73  6:36  Stalker x4  
  81  6:49  Probe (Chrono Boost), Gateway  
  81  6:50  Gateway  
  81  6:53  Gateway, Assimilator  
  83  6:54  Probe (Chrono Boost)  
  83  7:07  Immortal  
  87  7:11  Stalker  
  89  7:24  Assimilator  
  89  7:27  Zealot x3  
  95  7:31  Charge (Chrono Boost)  
  95  7:36  Zealot  
  97  7:48  Probe  
  98  7:53  Shield Battery  
  98  7:54  Probe  
  98  7:55  Photon Cannon  
  99  7:58  Zealot  
  101  8:08  Protoss Ground Weapons Level 1 (Chrono Boost)  
  101  8:11  Pylon  
  101  8:12  Forge  
  101  8:15  Pylon  
  101  8:26  Immortal (Chrono Boost)  
  101  8:28  Pylon  
  101  8:33  Stalker x4  
  113  8:34  Pylon  
  113  8:36  Sentry  
  115  8:55  Adept x2  
  119  8:56  Observer (Chrono Boost)  
  120  9:04  Stalker x2  
  120  9:05  Stalker  
  126  9:15  Protoss Ground Armor Level 1 (Chrono Boost)  
  126  9:16  Blink  
  126  9:22  Immortal  
  130  9:30  Stalker  
  132  9:45  Pylon  
  132  9:48  Pylon  
  132  9:50  Pylon  
  132  9:57  Zealot  
  134  10:16  Nexus  
  134  10:18  Assimilator  
  134  10:22  Assimilator  
  134  10:26  Photon Cannon  
  134  10:29  Pylon  
  134  10:45  Protoss Ground Weapons Level 2 (Chrono Boost)  
  134  11:15  Stalker x4  
  134  11:16  Stalker x3  
  140  11:29  Probe x3  
  143  11:41  Probe x3  
  132  11:53  Stalker x6  
  144  12:06  Zealot  
  146  12:15  Probe x3  
  143  12:27  Probe x3  
  143  12:28  Photon Cannon  
  146  12:30  Photon Cannon x2  
  146  12:34  Shield Battery  
  146  12:36  Zealot x2  
  150  12:37  Zealot x2  
  150  12:39  Probe  
  152  13:09  Probe x3  
  155  13:15  Photon Cannon  
  155  13:18  Photon Cannon  
  155  13:21  Probe x2  
  155  13:24  Templar Archives  
  157  13:38  Pylon  
  157  13:41  Pylon  
  157  13:43  Pylon  
  157  13:45  Pylon  
  157  14:21  Zealot x6  
  157  14:22  Zealot  
  171  14:37  Probe  
  171  14:38  Probe x2  
  174  14:39  Protoss Ground Armor Level 2, Protoss Ground Weapons Level 3  
  174  14:46  Forge  
  174  14:48  Phoenix  
  174  14:49  Probe, Phoenix x2  
  175  14:54  Stalker x4  
  175  14:55  Stalker x2  
  175  14:58  Zealot  
  121  15:32  Stalker  
  121  15:33  Stalker x3  
  121  15:34  Stalker  
  121  15:35  Stalker x2  
  83  15:50  Stargate  
  83  15:52  Stargate  
  83  15:54  Stargate  
  83  15:57  Stargate  
  83  15:58  High Templar x3  
  83  15:59  High Templar x3  
  83  16:00  Stargate  
  83  16:02  Stargate  
  95  16:14  Gateway  
  95  16:16  Gateway  
  95  16:18  Gateway  
  95  16:26  Archon x3  
  95  16:31  High Templar x2  
  95  16:32  High Templar x5  
  109  16:38  Archon x3  
  109  17:11  Stalker x2  
  109  17:12  Stalker x2  
  109  17:13  Stalker  
  109  17:14  Stalker  
Show
View Real Time Build Order
Export as new Build Order

Farmencio Terran 

Build Orders:  

Get SALT Encoding   

  12  0:04  SCV  
  13  0:15  Refinery  
  13  0:17  SCV  
  14  0:29  SCV  
  15  1:01  Supply Depot  
  15  1:15  Engineering Bay  
  15  1:23  SCV  
  16  1:26  Supply Depot  
  16  1:35  SCV  
  17  1:46  Terran Infantry Weapons Level 1  
  17  1:51  Barracks  
  17  1:57  Barracks  
  17  1:59  SCV  
  18  2:16  SCV, Refinery  
  19  2:28  SCV  
  20  2:40  Barracks  
  20  2:42  SCV  
  21  3:04  Reaper  
  21  3:05  Reaper  
  23  3:23  Supply Depot  
  23  3:44  Reaper  
  23  3:45  Reaper x2  
  23  3:47  Command Center  
  26  3:57  Terran Infantry Armor Level 1  
  26  3:58  Factory  
  26  4:02  SCV  
  27  4:16  Reaper  
  28  4:22  Orbital Command  
  28  4:28  Reaper  
  28  4:29  Reaper  
  30  4:48  Reaper  
  31  4:53  Factory Tech Lab  
  31  4:57  Starport  
  31  5:01  Reaper  
  32  5:18  SCV  
  32  5:19  Refinery  
  33  5:22  Reaper  
  33  5:28  Reaper  
  35  5:30  SCV  
  35  5:33  Reaper  
  37  5:53  SCV, Refinery  
  38  6:05  Siege Tank, SCV  
  38  6:09  Medivac  
  44  6:26  SCV  
  44  6:32  Reaper  
  46  6:33  Reaper  
  46  6:34  Reaper  
  48  6:53  Siege Tank  
  51  6:55  Medivac  
  51  7:00  SCV  
  54  7:14  Supply Depot  
  54  7:19  Supply Depot  
  54  7:28  Supply Depot  
  54  7:36  Supply Depot, Reaper x3, SCV  
  58  7:50  Siege Tank  
  61  8:21  Reaper  
  61  8:22  Reaper x2  
  64  8:27  Siege Tank  
  64  8:29  Building Armor  
  67  8:36  SCV  
  68  8:47  Fusion Core  
  68  9:05  Planetary Fortress  
  68  9:17  Reaper  
  68  9:18  Reaper x2  
  71  9:30  Command Center  
  71  9:37  Sensor Tower  
  71  9:55  Barracks Tech Lab  
  71  10:34  Refinery  
  71  10:35  Refinery  
  50  12:43  Marine  
  40  12:45  Marine  
  40  12:47  Marine  
  38  13:01  Marine  
  38  13:03  Marine  
  38  13:04  Marine  
  41  13:06  SCV  
  42  13:18  SCV  
  42  13:19  Marine  
  43  13:21  Marine  
  43  13:22  Marine  
  44  13:30  SCV  
  43  13:37  Marine  
  40  13:52  SCV  
  41  14:01  Marine  
  42  14:04  Marine x2, SCV  
  45  14:16  SCV  
  45  14:19  Marine  
  45  14:22  Marine x2  
  45  14:23  SCV  
  49  14:28  SCV  
  50  14:35  SCV  
  50  14:37  Marine  
  52  14:39  Marine  
  52  14:40  Marine, Medivac, SCV  
  57  14:47  SCV  
  50  14:57  Marine  
  50  14:59  SCV  
  52  15:10  Medivac  
  52  15:11  SCV  
  55  15:37  Marine x2  
  55  15:38  Marine  
  58  15:55  Marine x2  
  58  15:56  Marine  
Show
View Real Time Build Order
Export as new Build Order

sJkSjKAQP Zerg 

Build Orders: Hatch First 

Get SALT Encoding   

  12  5:01  Drone  
  12  5:02  Drone  
  12  5:04  Overlord  
  14  5:08  Extractor  
  14  5:11  Extractor  
  12  5:19  Drone  
  13  5:37  Hatchery  
  13  5:39  Spawning Pool  
  13  5:42  Drone x2, Hatchery  
  12  5:59  Drone x2  
  14  6:07  Overlord  
  14  6:26  Drone  
  15  6:32  Spore Crawler  
  15  6:34  Drone, Queen  
  17  6:41  Drone  
  18  6:51  Drone  
  19  6:54  Queen  
  19  7:00  Metabolic Boost  
  21  7:02  Drone  
  21  7:04  Drone  
  21  7:07  Queen  
  25  7:09  Drone x2  
  25  7:14  Drone  
  28  7:17  Lair  
  28  7:22  Drone x2  
  30  7:29  Spore Crawler  
  29  7:30  Pneumatized Carapace  
  29  7:31  Spore Crawler  
  28  7:38  Drone x2  
  28  7:40  Extractor  
  28  7:44  Extractor  
  28  7:51  Drone  
  28  7:52  Drone x2  
  31  8:01  Drone x2  
  33  8:19  Spire  
  32  8:32  Spore Crawler  
  32  8:33  Spore Crawler  
  30  8:39  Drone x5  
  30  8:40  Drone  
  36  8:53  Drone x6  
  42  9:01  Overlord x4  
  42  9:07  Spine Crawler  
  41  9:20  Spire  
  41  9:21  Drone x4  
  41  9:22  Drone  
  45  9:34  Extractor  
  44  9:41  Corruptor  
  44  9:42  Corruptor x6  
  58  10:03  Infestation Pit  
  57  10:11  Hatchery  
  56  10:22  Overseer x2  
  56  10:35  Zerg Flyer Weapons Level 1  
  56  10:43  Hive  
  56  10:47  Corruptor x3  
  62  11:04  Extractor  
  61  11:15  Extractor  
  61  11:17  Corruptor x4  
  68  11:30  Zerg Flyer Armor Level 1  
  68  11:41  Zergling x2  
  68  11:42  Zergling x14  
  68  11:43  Zergling x6  
  79  11:55  Spine Crawler  
  79  11:59  Spine Crawler  
  62  12:15  Zergling x4  
  63  12:16  Zergling x12  
  58  12:34  Zergling x6  
  58  12:35  Zergling x2  
  62  13:07  Drone  
  62  13:08  Drone x2  
  60  13:17  Spine Crawler  
  60  13:19  Lair  
  59  13:53  Drone x3  
  58  14:28  Hive  
  58  14:37  Drone  
  58  14:38  Drone x6  
  64  14:39  Drone  
  66  14:57  Zergling x4  
  66  14:58  Zergling x2  
  69  15:05  Spore Crawler  
  60  15:38  Overlord x3  
  60  15:45  Spine Crawler  
  60  15:47  Spore Crawler  
  58  15:59  Greater Spire  
  58  16:01  Corruptor x3  
  62  16:11  Corruptor x4  
  70  16:38  Corruptor  
  70  16:39  Corruptor x2  
  47  17:26  Corruptor x3  
  52  17:35  Corruptor x3  
  52  17:36  Corruptor  
  46  17:58  Zergling x6  
  47  17:59  Zergling x12  
  47  18:00  Zergling x2  
Tags
 
Add a new tag
Caveats
  • Supply blocks, unpowered buildings, or Contaminate may cause inaccurate times.
  • Supply counts are checked every 10 seconds.